 Dungeon Crawl Stone Soup version 0.18-a0-1186-gd02dc51 (webtiles) character file.

1150 4thArraOfDagon the Basher (level 8, -2/89 HPs)
             Began as an Ogre Berserker on Jan 28, 2016.
             Was a Believer of Trog.
             Slain by a wolf (9 damage)
             ... led by Grum
             ... on level 7 of the Dungeon.
             The game lasted 00:07:54 (1503 turns).

4thArraOfDagon the Basher (Ogre Berserker)          Turns: 1503, Time: 00:07:54

Health: -2/89      AC:  4    Str: 27    XL:     8   Next: 38%
Magic:  17/17      EV: 11    Int:  6    God:    Trog [**....]
Gold:   15         SH:  0    Dex:  9    Spells: 0 memorised, 7 levels left

rFire  . . .     SeeInvis .     l - +1 mace (venom)
rCold  . . .     Gourm    .     b - +0 animal skin
rNeg   . . .     Faith    .     (no shield)
rPois  .         Spirit   .     (helmet restricted)
rElec  .         Dismiss  .     (no cloak)
rCorr  .         Reflect  .     (gloves unavailable)
SustAt .         Harm     .     (boots unavailable)
MR     .....                    (no amulet)
Stlth  +.........               (no ring)
                                k - ring of magical power

@: exhausted, slowed, very slow, not resistant to hostile enchantments, very
unstealthy
A: unfitting armour, rugged brown scales 1, deterioration 1, strong 1, tough
skin 1
a: Berserk, Trog's Hand, Burn Spellbooks, Renounce Religion


You were on level 7 of the Dungeon.
You worshipped Trog.
Trog was pleased with you.
You were hungry.

You visited 1 branch of the dungeon, and saw 8 of its levels.

You collected 129 gold pieces.
You spent 114 gold pieces at shops.

Inventory:

Hand Weapons
 a - a +0 mace
 l - a +1 mace of venom (weapon)
 p - a +2 mace of protection
 q - a +0 giant club
 A - a +0 giant spiked club
Missiles
 h - 3 curare-tipped needles
Armour
 b - a +0 animal skin (worn)
Jewellery
 k - a ring of magical power (left hand)
Wands
 u - a wand of frost (11/48)
 v - a wand of lightning (5/15)
Scrolls
 e - a scroll of blinking {unknown}
 g - a scroll of enchant weapon
 j - a scroll of remove curse {unknown}
 t - a scroll of amnesia {unknown}
 w - a scroll of fear {unknown}
 x - 2 scrolls of immolation {unknown}
 y - a scroll of magic mapping
 z - a scroll of noise
 D - a scroll of enchant armour {unknown}
Potions
 f - a potion of cure mutation {unknown}
 i - a potion of magic
 m - a potion of agility
 n - a potion of lignification {unknown}
 o - a potion of curing {unknown}
 B - a potion of ambrosia
 C - a potion of berserk rage {unknown}
Comestibles
 c - 5 bread rations
 d - a meat ration
 r - a slice of pizza
 E - a chunk of flesh


   Skills:
 + Level 7.5 Fighting
 * Level 9.8 Maces & Flails
 + Level 5.0 Dodging


You had 7 spell levels left.
You didn't know any spells.

Dungeon Overview and Level Annotations

Branches:
Dungeon (8/15)
 Temple: D:4-7         Lair: D:8-11

Altars:
Cheibriados
Okawaru
Ru
Sif Muna

Shops:
D:7 ?


Innate Abilities, Weirdness & Mutations

You are too large for most types of armour.
You have tough skin (AC +1).
You are partially covered in rugged brown scales (AC +1, +3% HP).
Your body sometimes deteriorates upon taking damage.
Your muscles are strong. (Str +2)


Message History

You throw a large rock. The large rock closely misses the wolf.
The wolf barely misses you. The wolf bites you but does no damage.
Throwing (i - inventory):
s - a large rock (quivered)
Press: ? - help, Shift-Dir - straight line, f/p - wolf
Aim: a wolf You throw a large rock.
The large rock misses the wolf.
The wolf bites you! The wolf bites you. The wolf misses you.
You barely miss the wolf. The wolf bites you!
* * * LOW HITPOINT WARNING * * *
The wolf bites you.
* * * LOW HITPOINT WARNING * * *
You hit the wolf but do no damage.
The wolf is poisoned.
Your skin stops crawling.
You feel less resistant to hostile enchantments.
The wolf closely misses you. The wolf bites you!
* * * LOW HITPOINT WARNING * * *
You are too injured to fight recklessly!
Unknown command.
The wolf bites you!
You die...

## #.####.### #.# #.##.....#
#.###.#...)... ### ### ##
###.##.#....... #.. ..#
#.##.........._... ##.# #.#
#.#.#.#..#....... ...# #.#
#.......#.......
##.###.############.###..##.....#
........(......h@........####.###
...........######...###..........
######.#.....# #............###.
# #.#.###.####...........#.#.# #
....# #........#######.#.... #
#..#.# #.####...# #.##### #
#.##..$..# #...# #.. # #. ###.###
..### #.# # # #. .### #.#


You could see a wolf.

Vanquished Creatures
  A hippogriff (D:7)
  An ice beast (D:7)
  A sky beast (D:5)
  4 ogres
  2 giant frogs (D:7)
  A wyvern zombie (D:6)
  A centaur zombie (D:5)
  2 orc priests (D:8)
  A jelly (D:6)
  An orc wizard (D:8)
  3 giant frog skeletons
  An iguana (D:7)
  A hound skeleton (D:7)
  3 adders
  3 orcs
  A ball python (D:4)
  5 bats
  A giant cockroach (D:1)
  4 hobgoblins
  6 jackals (D:1)
  A quokka (D:7)
  2 giant newts (D:1)
  4 goblins
  7 kobolds (D:1)
  2 rats (D:1)
59 creatures vanquished.

Notes
Turn   | Place    | Note
--------------------------------------------------------------
     0 | D:1      | 4thArraOfDagon the Ogre Berserker began the quest for the Orb.
     0 | D:1      | Reached XP level 1. HP: 24/24 MP: 1/1
   108 | D:1      | Reached XP level 2. HP: 20/32 MP: 2/2
   262 | D:1      | worst d:1 ever
   321 | D:1      | Reached ** piety under Trog
   391 | D:1      | Reached XP level 3. HP: 32/40 MP: 3/3
   499 | D:1      | 3rd worst d:1 ever
   524 | D:2      | Reached skill level 5 in Maces & Flails
   566 | D:2      | Found a snail-covered altar of Cheibriados.
   611 | D:2      | gotta push the tempo :(
   617 | D:3      | Noticed an ogre
   627 | D:3      | Killed an ogre
   627 | D:3      | Reached skill level 5 in Fighting
   627 | D:3      | Reached XP level 4. HP: 50/50 MP: 4/4
   627 | D:3      | Reached XP level 5. HP: 57/57 MP: 5/5
   633 | D:3      | Reached skill level 6 in Maces & Flails
   762 | D:5      | Entered Level 5 of the Dungeon
   791 | D:5      | Noticed a sky beast
   804 | D:5      | Killed a sky beast
   804 | D:5      | Reached XP level 6. HP: 54/67 MP: 6/6
   811 | D:5      | Gained mutation: Your muscles are strong. (Str +2) [mutagenic meat]
   812 | D:5      | Gained mutation: You are robust (+10% HP). [mutagenic meat]
   813 | D:5      | Gained mutation: You are partially covered in rugged brown scales (AC +1, +3% HP). [mutagenic meat]
   814 | D:5      | Gained mutation: Your body sometimes deteriorates upon taking damage. [mutagenic meat]
   815 | D:5      | Lost mutation: You are robust (+10% HP). [mutagenic meat]
   879 | D:6      | Reached skill level 7 in Maces & Flails
   885 | D:6      | Found an iron altar of Okawaru.
   908 | D:7      | Found Wifyagic's Magic Scroll Boutique.
   914 | D:7      | Bought a scroll of magic mapping for 42 gold pieces
   914 | D:7      | Bought a scroll of identify for 24 gold pieces
   914 | D:7      | Bought a scroll of identify for 24 gold pieces
   979 | D:7      | Noticed a hippogriff
   992 | D:7      | Killed a hippogriff
   992 | D:7      | Reached XP level 7. HP: 77/77 MP: 7/7
  1000 | D:7      | Reached skill level 8 in Maces & Flails
  1082 | D:7      | Found a sacrificial altar of Ru.
  1119 | D:7      | Noticed a hill giant
  1320 | D:6      | Reached skill level 9 in Maces & Flails
  1320 | D:6      | Reached XP level 8. HP: 89/89 MP: 8/8
  1351 | D:7      | Bought a scroll of identify for 24 gold pieces
  1360 | D:7      | Found a deep blue altar of Sif Muna.
  1423 | D:7      | Reached skill level 5 in Dodging
  1503 | D:7      | Slain by a wolf

Vault maps used:
D:1:      lemuel_arrival_muddy
D:2:      kennysheep_big_flooded_room, cheibriados_altar_1,
          nicolae_overflow_crystal_walls, ecumenical_altar_1, minivault_5
D:3:      tgw_trog, grunt_pakellas_basics, first_bread
D:4:      kennysheep_mini, serial_shops, shop, portal_sewer_entry_a
D:5:      lemuel_crystal_altar
D:6:      old_standard_altar
D:7:      grunt_temple_overflow_opulence, nicolae_ru_great_annihilating_truth,
          old_standard_altar, nicolae_overflow_hidden_temple,
          minmay_temple_entry_large_hall, serial_shops, shop
D:8:      serial_shops, shop, grunt_ogre_cave,
          hangedman_abyss_or_decor_lesser_grid, cheibrodos_ashenzari_chains,
          uniq_grum

Action                   |  1- 3 |  4- 6 |  7- 9 || total
-------------------------+-------+-------+-------++-------
Melee: Mace              |    76 |    45 |    72 ||   193
Throw: Large rock        |       |       |     4 ||     4
Invok: Berserk           |     4 |     2 |     4 ||    10
       Trog's Hand       |       |       |     4 ||     4
  Use: Scroll            |       |     4 |     1 ||     5
       Potion            |       |       |     1 ||     1
 Stab: Paralysed         |       |       |     1 ||     1
       Sleeping          |       |       |     1 ||     1
  Eat: Chunk             |     2 |     8 |     7 ||    17
